 Dungeon Crawl Stone Soup version 0.29-a0-380-gf50f0a9fbc (webtiles) character file.

Game seed: 3147032142926830301

5 Antichthon the Skirmisher (level 1, 0/18 HPs)
             Began as a Formicid Abyssal Knight on May 5, 2022.
             Was a Follower of Lugonu.
             Slain by a goblin
             ... wielding a +0 dagger
              (1 damage)
             ... on level 1 of the Dungeon.
             The game lasted 00:00:25 (127 turns).

Antichthon the Skirmisher (Formicid Abyssal Knight)  Turns: 127, Time: 00:00:25

Health: 0/18       AC:  3    Str: 17    XL:     1   Next: 88%
Magic:  2/2        EV: 11    Int:  9    God:    Lugonu [*.....]
Gold:   24         SH:  0    Dex: 11    Spells: 0/0 levels left

rFire   . . .      SeeInvis +   a - +1 falchion
rCold   . . .      Faith    .   (no shield)
rNeg    . . .      Spirit   .   b - +0 leather armour
rPois   .          Reflect  .   (helmet unavailable)
rElec   .          Harm     .   (no cloak)
rCorr   .          Rampage  .   (no gloves)
Will    .....                   (no boots)
Stlth   +.........              (no amulet)
HPRegen 0.06/turn               (no ring)
MPRegen 0.08/turn               (no ring)

@: no status effects
A: permanent stasis, dig shafts and tunnels, antennae 3, four strong arms
a: Dig, Shaft Self, Renounce Religion, Depart the Abyss


You were on level 1 of the Dungeon.
You worshipped Lugonu.
Lugonu was aware of your devotion.
You visited 1 branch of the dungeon, and saw 1 of its levels.
You visited the Abyss 1 time.

You collected 24 gold pieces.

Inventory:

Hand Weapons
 a - a +1 falchion (weapon)
Armour
 b - a +0 leather armour (worn)


   Skills:
 * Level 3.5 Fighting
 * Level 2.0 Long Blades
 * Level 2.2 Armour
 * Level 0.8 Dodging
 * Level 0.3 Shields
 * Level 2.2 Invocations
 * Level 0.2 Evocations


You couldn't memorise any spells.
You didn't know any spells.
Your spell library was empty.

Dungeon Overview and Level Annotations

Branches:
Dungeon (1/15)

Altars:


Innate Abilities, Weirdness & Mutations

You cannot be hasted, slowed, berserked, paralysed or teleported.
You can dig through walls and to a lower floor.
You have a pair of large antennae on your head. (SInv)
Your four strong arms can wield two-handed weapons with a shield.


Message History

The goblin hits you but does no damage. The bat attacks as you move away!
The bat hits you but does no damage. The bat barely misses you.
The frilled lizard bites you but does no damage.
The goblin hits you with a +0 dagger.
Things that are here:
a +0 club; a jackal corpse You hit the frilled lizard.
You kill the frilled lizard!
Lugonu accepts your kill. The bat misses you.
The goblin hits you with a +0 dagger.
You hit the frilled lizard.
You kill the frilled lizard!
Lugonu accepts your kill. The bat barely misses you.
The bat closely misses you. The goblin hits you with a +0 dagger.
You closely miss the goblin. The bat barely misses you.
The goblin hits you with a +0 dagger.
* * * LOW HITPOINT WARNING * * *
The goblin hits you but does no damage.
You hit the goblin but do no damage. The goblin barely misses you.
The bat barely misses you. The goblin completely misses you.
The goblin hits you with a +0 dagger.
* * * LOW HITPOINT WARNING * * *
The goblin barely misses you.
You miss the goblin. The bat hits you but does no damage.
The bat barely misses you. The goblin closely misses you.
The goblin completely misses you.
Unknown command.
You aren't carrying any potions.
Unknown command.
You closely miss the bat. The bat hits you.
* * * LOW HITPOINT WARNING * * *
The bat barely misses you. The goblin hits you but does no damage.
The goblin hits you with a +0 dagger.
* * * LOW HITPOINT WARNING * * *
Unknown command.
You closely miss the goblin. The bat hits you but does no damage. x2
The goblin barely misses you. The goblin hits you with a +0 dagger.
You die...

♣♣♣<.♣♣♣.♣♣ ♣♣♣♣..♣♣
{ #....#### .
#.......# #..
##.####.#
.....##.####.#######
#................#
##..#.####gb####.....
#..#.# ##@# ####
#....### #g# ...
##...>..##J##....
#...##...K.......
##...>...........
#....l.?#.......
................
#.......##......
#.!.....# ......


You could see an endoplasm, 2 goblins, a bat and a kobold.

Vanquished Creatures
  2 jackals (D:1)
  A bat (D:1)
  2 frilled lizards (D:1)
  A goblin (D:1)
6 creatures vanquished.

Notes
Turn   | Place    | Note
-------+----------+-------------------------------------------
     0 | Abyss:1  | Antichthon the Formicid Abyssal Knight began the quest for
                  | the Orb.
     0 | Abyss:1  | Reached XP level 1. HP: 18/18 MP: 2/2
     0 | D:1      | Escaped the Abyss
   127 | D:1      | Slain by a goblin

Illustrated notes

Levels and vault maps discovered:
D:1:      nagdon_arrival_double_spiral, layout_rooms

Action                   || total
-------------------------++-------
Melee: Falchion          ||    23
       Punch             ||     1
Invok: Depart the Abyss  ||     1
Armor: Leather armour    ||    26
Dodge: Dodged            ||    46

Table legend: (Time is in decaauts)
 A = Elapsed time spent in this place.
 B = Non-inter-level travel time spent in this place.
 C = Inter-level travel time spent in this place.
 D = Time resting spent in this place.
 E = Time spent auto-exploring this place.
 F = Levels seen in this place.
 G = Mean time per level.
                   A        B        C        D        E       F      G
               +--------+--------+--------+--------+--------+-----+--------+
         Total |    131 |    131 |      0 |      0 |     89 |   2 |   65.5 |
       Dungeon |    131 |    131 |      0 |      0 |     89 |   1 |  131.0 |
         Abyss |      0 |      0 |      0 |      0 |      0 |   1 |    0.0 |
               +--------+--------+--------+--------+--------+-----+--------+

Top non-repeatable levels by time:
     D:1: 131 daAuts
